 Dungeon Crawl Stone Soup version 0.31-a0-202-g547052bce9 (webtiles) character file.

Game seed: 3679499197552560626

28 qw the Shooter (level 3, -2/20 HPs)
             Began as a Deep Elf Hunter on June 26, 2023.
             Slain by a cerulean imp
             ... wielding a +1 spear
             ... summoned by Natasha
              (3 damage)
             ... on level 2 of the Dungeon.
             The game lasted 00:00:21 (1244 turns).

qw the Shooter (Deep Elf Hunter)                    Turns: 1244, Time: 00:00:21

Health: -2/20      AC:  5    Str: 10    XL:     3   Next: 0%
Magic:  5/5        EV: 11    Int: 13    God:
Gold:   65         SH:  0    Dex: 18    Spells: 2/2 levels left

rFire   . . .        Y - +0 shortbow
rCold   . . .        (shield currently unavailable)
rNeg    . . .        f - +0 ring mail
rPois   .            (no helmet)
rElec   .            (no cloak)
rCorr   .            (no gloves)
SInv    .            (no boots)
Will    .....        (no amulet)
Stlth   +            (no ring)
HPRegen 0.23/turn    (no ring)
MPRegen 0.09/turn

%: no passive effects
@: no status effects
A: no striking features
a: no special abilities


You were on level 2 of the Dungeon.
You visited 1 branch of the dungeon, and saw 2 of its levels.

You collected 65 gold pieces.


   Skills:
 - Level 1.5 Fighting
 + Level 6.6 Ranged Weapons
 - Level 2.4 Dodging
 - Level 1.2 Stealth


You had 2 spell levels left.
You didn't know any spells.
Your spell library was empty.

Inventory:

Hand Weapons
 Y - a +0 shortbow (weapon)
Armour
 f - a +0 ring mail (worn)
Scrolls
 a - 2 scrolls of identify
 b - a scroll of teleportation {unknown}
Potions
 c - a potion of might {unknown}

Dungeon Overview and Level Annotations

Branches:
Dungeon (2/15)

Altars:

Annotations:
D:2 Natasha


Message History

Natasha barely misses you. Natasha closely misses you.
You shoot an arrow. The arrow misses Natasha.
Natasha claws you.
You shoot an arrow. The arrow hits Natasha.
Natasha is lightly wounded.
Natasha casts a spell.
You shoot an arrow. The arrow barely misses Natasha.
Natasha claws you.
You shoot an arrow.
The arrow hits Natasha but does no damage.
Natasha is lightly wounded.
The cerulean imp hits you from afar with a +1 spear.
Natasha barely misses you.
You shoot an arrow.
The arrow hits Natasha but does no damage.
Natasha is lightly wounded.
The cerulean imp barely misses you. Natasha claws you but does no damage.
The cerulean imp barely misses you.
You shoot an arrow. The arrow closely misses Natasha.
Natasha closely misses you. The cerulean imp completely misses you.
Natasha closely misses you.
You shoot an arrow.
The arrow hits Natasha but does no damage.
Natasha is lightly wounded.
The cerulean imp hits you from afar with a +1 spear.
Natasha claws you.
You shoot an arrow.
The arrow hits Natasha but does no damage.
Natasha is lightly wounded.
The cerulean imp hits you but does no damage.
Natasha barely misses you.
You shoot an arrow. The arrow hits Natasha.
Natasha is moderately wounded.
The cerulean imp hits you but does no damage.
Natasha claws you.
You shoot an arrow.
The arrow hits Natasha but does no damage.
Natasha is moderately wounded.
The cerulean imp hits you from afar with a +1 spear.
You die...

.##.#.#####..##...#####..#####
.#..........%#.###.####..#
##....#####.##. #.......#
##.#.## # #.# #.####..#
....#.## ##.###. #..#
.##)##.###...##. #..#
...............5 #####..#
.##.##.###...#.h###......#
#.#.#.## #.....@...###..#
##...## ####..##### #..#
###.## #.. #..# #.# ### #...
#.# #..## ###.# #..# ....#
#..# #.### ..#


You could see Natasha and a cerulean imp (summoned).

Vanquished Creatures
  An endoplasm (D:1)
  4 giant cockroaches
  2 hobgoblins
  4 jackals (D:1)
  2 ball pythons (D:1)
  2 bats
  2 frilled lizards (D:2)
  4 goblins (D:1)
  2 kobolds
  4 rats
27 creatures vanquished.

Notes
Turn   | Place    | Note
-------+----------+-------------------------------------------
     0 | D:1      | qw the Deep Elf Hunter began the quest for the Orb.
     0 | D:1      | Reached XP level 1. HP: 12/12 MP: 3/3
     0 | D:1      | 0 ||| qw: Version: 0.3-a-22-g0ed2b0b
     0 | D:1      | 0 ||| qw: Game counter: 5966
     0 | D:1      | 0 ||| qw: Melee chars always use a shield: true
     0 | D:1      | 0 ||| qw: God list: Okawaru
     0 | D:1      | 0 ||| qw: Allow faded altars: false
     0 | D:1      | 0 ||| qw: Do Orc after clearing Dungeon:15 true
     0 | D:1      | 0 ||| qw: Do second Lair branch before Depths: true
     0 | D:1      | 0 ||| qw: Lair rune preference: random
     0 | D:1      | 0 ||| qw: Goals: Normal
     0 | D:1      | 0 ||| PLANNING D:1-11
   251 | D:1      | Reached XP level 2. HP: 16/16 MP: 4/4
   435 | D:1      | Reached skill level 6 in Ranged Weapons
   798 | D:1      | Found a faded altar of an unknown god.
   923 | D:1      | 923 ||| UPGRADING to +0 ring mail.
   933 | D:1      | 933 ||| DROPPING +0 leather armour.
   934 | D:1      | 934 ||| READING 3 scrolls labelled LUMMYA JAOVUV.
   935 | D:1      | 935 ||| READING 2 scrolls of identify.
   935 | D:1      | 935 ||| IDENTIFYING viscous ruby potion
   936 | D:1      | 936 ||| DROPPING scroll of butterflies.
   937 | D:1      | 937 ||| DROPPING potion of degeneration.
  1209 | D:2      | Reached XP level 3. HP: 20/20 MP: 5/5
  1232 | D:2      | Noticed Natasha
  1238 | D:2      | HP: 5/20 [cerulean imp/+1 spear[Natasha] (5)]
  1241 | D:2      | HP: 2/20 [cerulean imp/+1 spear[Natasha] (3)]
  1244 | D:2      | Slain by a cerulean imp

Levels and vault maps discovered:
D:1:      dpeg_arrival_rhombi, layout_basic, ebering_ecumenical_altar_box,
          chequers_serial_rivers_room_a, minivault_25
D:2:      layout_loops_ring, chequers_serial_rivers_micro_d, grunt_ministairs_6,
          chequers_serial_rivers_room_a, minmay_fountain_box,
          minmay_tromino_v4_c, uniq_natasha

Skill      XL: |  1  2 |
---------------+-------+-----
Ranged Weapons | 6 |  6.6
Fighting       | |  1.5
Dodging        | |  2.4
Stealth        | |  1.2

Action                     || total
---------------------------++-------
   Fire: Shortbow          ||    80
    Use: Scroll            ||     2
 Armour: Ring mail         ||     5
         Leather armour    ||     1
  Dodge: Dodged            ||    13

Table legend:
 A = Non-vault XP
 B = Vault XP
 C = Vault XP percentage of total XP
 D = Non-vault monster count
 E = Vault monster count
 F = Vault count percentage of total count
                 A         B        C        D         E       F
            +---------+---------+-------+---------+---------+-------
      Total |      38 |       3 |   7.3 |      25 |       2 |   7.4
            +---------+---------+-------+---------+---------+-------
        D:1 |      31 |       0 |   0.0 |      19 |       0 |   0.0
        D:2 |       7 |       3 |  30.0 |       6 |       2 |  25.0
            +---------+---------+-------+---------+---------+-------
